 Dungeon Sprint DCSS version 0.27.0-1-g7a089689b8 (webtiles) character file.

Game seed: 11500329989947675235

1015 xpp the Nimble (level 8, -3/124 HPs)
             Began as a Black Draconian Berserker on July 31, 2021.
             Was a Priest of Trog.
             Slain by a boulder beetle (11 damage)
             ... in the Dungeon (Sprint II: "The Violet Keep of Menkaure").
             The game lasted 00:08:46 (1141 turns).

xpp the Nimble (Black Draconian Berserker)          Turns: 1141, Time: 00:08:47

Health: -3/124     AC:  9    Str: 20    XL:     8   Next: 1%
Magic:  8/8        EV: 16    Int:  9    God:    Trog [***...]
Gold:   54         SH:  4    Dex: 11    Spells: 7/7 levels left

rFire    . . .     SeeInvis +   a - +0 falchion
rCold    + . .     Faith    .   i - +1 buckler {rC+}
rNeg     . . .     Spirit   .   (armour unavailable)
rPois    .         Reflect  .   (helmet restricted)
rElec    +         Harm     .   j - +2 cloak {Will+}
rCorr    .         Rampage  .   (no gloves)
Will     +....     NoTele   +   (no boots)
Stlth    ..........             (no amulet)
HPRegen  0.30/turn              k - ring of see invisible
MPRegen  0.11/turn              (no ring)

@: berserking (expiring), very quick
A: breathe lightning, AC +6, unfitting armour, electricity resistance,
cold-blooded
a: Breathe Lightning, Renounce Religion, Berserk, Trog's Hand


You were in the Dungeon.
You worshipped Trog.
Trog was most pleased with you.
You visited 1 branch You collected 729 gold pieces.
You spent 675 gold pieces at shops.

Inventory:

Hand Weapons
 a - a +0 falchion (weapon)
Armour
 i - a +1 buckler of cold resistance (worn)
 j - a +2 cloak of willpower (worn)
Jewellery
 k - a ring of see invisible (left hand)
Wands
 h - a wand of acid (8)
Scrolls
 g - a scroll of blinking
Potions
 b - a potion of curing
 c - a potion of heal wounds
 e - 2 potions of magic


   Skills:
 + Level 11.9 Fighting
 - Level 3.0 Long Blades
 * Level 12.7 Dodging


You had 7 spell levels left.
You didn't know any spells.
Your spell library was empty.

Dungeon Overview and Level Annotations

Branches:
Dungeon (1/1)

Altars:

Shops:
D [:(?*![[?!=:!=(

Annotations:
D exclusion: oklob plant


Innate Abilities, Weirdness & Mutations

You can breathe wild blasts of lightning.
Your glossy black scales are hard. (AC +6)
You cannot fit into any form of body armour.
You are resistant to electric shocks. (rElec)
You are cold-blooded and may be slowed by cold attacks.


Message History

You are engulfed in a cloud of scalding steam.
The boulder beetle bites you!!
The boulder beetle is engulfed in a cloud of scalding steam.
There is an open door here.
A red film seems to cover your vision as you go berserk!
You feel yourself moving faster!
You feel mighty! The boulder beetle misses you.
You hit the boulder beetle but do no damage.
The boulder beetle is moderately wounded.
The boulder beetle bites you.
You hit the boulder beetle but do no damage.
The boulder beetle is moderately wounded.
The boulder beetle closely misses you.
You hit the boulder beetle.
The boulder beetle is heavily wounded.
The boulder beetle bites you!!
* * * LOW HITPOINT WARNING * * *
You completely miss the boulder beetle.
The boulder beetle is heavily wounded.
The boulder beetle bites you!
* * * LOW HITPOINT WARNING * * *
You hit the boulder beetle but do no damage.
You tail-slap the boulder beetle!
The boulder beetle is heavily wounded.
You hit the boulder beetle.
The boulder beetle is heavily wounded.
The boulder beetle bites you but does no damage.
You slash the boulder beetle!
The boulder beetle is severely wounded.
The boulder beetle misses you.
You hit the boulder beetle but do no damage.
You tail-slap the boulder beetle, but do no damage.
The boulder beetle is severely wounded.
The boulder beetle bites you!
* * * LOW HITPOINT WARNING * * *
You hit the boulder beetle but do no damage.
You tail-slap the boulder beetle, but do no damage.
The boulder beetle is heavily wounded.
The boulder beetle bites you!
You die...

####≈≈#+++#'○°##
###≈≈≈......°..#
..#≈≈≈≈.##+##..#
..#≈≈≈≈##B .##.####
..#≈≈≈≈#.. ..#....#
⌠.#≈≈### .#. ###..##
..#≈##.###+###.##..#
..#≈#.#.##.##..##..#
..'≈'###'.<.'##.@..###
..#≈#.#.##.##..##B.§.###.
###≈##.###'###.##..§§..≈≈
###≈≈####.#.####§≈..§§.≈#
##≈≈≈#..#..#≈≈≈§§≈≈..≈#
#+ #'#≈##...##≈≈≈§§≈≈≈.≈#
#≈##.#≈≈##'##≈≈§≈§§§≈≈≈≈#
≈§≈####≈≈≈≈≈≈≈≈≈§≈§≈≈§≈≈#
§≈§ #+++#+++#≈§≈≈§§§§≈#


You could see a boulder beetle.

Vanquished Creatures
  2 wyverns (D)
  A vampire mosquito (D)
  4 necrophages (D)
  4 scorpions (D)
11 creatures vanquished.

Vanquished Creatures (others)
  Menkaure (D)
  2 water moccasins (D)
3 creatures vanquished.

Grand Total: 14 creatures vanquished

Notes
Turn   | Place    | Note
-------+----------+-------------------------------------------
     0 | D        | xpp the Draconian Berserker began the quest for the Orb.
     0 | D        | Reached XP level 1. HP: 19/19 MP: 1/1
     1 | D        | Noticed a wyvern
     1 | D        | Noticed a wyvern
     4 | D        | Noticed a boulder beetle
     4 | D        | Noticed a boulder beetle
     7 | D        | Noticed a scorpion
     7 | D        | Noticed a scorpion
     7 | D        | Noticed a scorpion
     7 | D        | Noticed a scorpion
    10 | D        | Noticed a necrophage
    10 | D        | Noticed a necrophage
    10 | D        | Noticed a necrophage
    10 | D        | Noticed a necrophage
    18 | D        | Killed a necrophage
    19 | D        | Reached skill level 6 in Dodging
    19 | D        | Reached XP level 2. HP: 31/31 MP: 2/2
    19 | D        | Reached XP level 3. HP: 38/38 MP: 3/3
    19 | D        | Reached XP level 4. HP: 45/45 MP: 4/4
    20 | D        | Killed a necrophage
    21 | D        | Reached skill level 8 in Dodging
    21 | D        | Reached XP level 5. HP: 53/53 MP: 5/5
    22 | D        | Killed a necrophage
    22 | D        | Reached ** piety under Trog
    23 | D        | Reached skill level 9 in Dodging
    34 | D        | Killed a necrophage
    35 | D        | Reached skill level 10 in Dodging
    35 | D        | Reached XP level 6. HP: 46/64 MP: 6/6
    46 | D        | Killed Menkaure
    66 | D        | Killed a wyvern
    67 | D        | Reached skill level 10 in Fighting
    67 | D        | Reached skill level 11 in Dodging
    97 | D        | Killed a water moccasin
   134 | D        | Killed a water moccasin
   243 | D        | Killed a wyvern
   244 | D        | Your scales start taking on a glossy black colour.
   244 | D        | Reached XP level 7. HP: 73/73 MP: 7/7
   244 | D        | Gained mutation: You are resistant to electric shocks.
                  | (rElec) [Black Draconian growth]
   301 | D        | Found Nij Huny's Distillery.
   301 | D        | Found Eppe's Weapon Shoppe.
   301 | D        | Found Beprojedgh's Book Emporium.
   302 | D        | Found Daadaa's Jewellery Emporium.
   302 | D        | Found Joythroce's Distillery.
   302 | D        | Found Irchey's Magic Scroll Emporium.
   302 | D        | Found Doubiuwo's Antique Armour Shoppe.
   303 | D        | Found Uferez's Antique Armour Emporium.
   303 | D        | Found Geusod's Distillery.
   303 | D        | Found Mokliej's General Store.
   304 | D        | Found Ribrogil's Jewellery Emporium.
   304 | D        | Noticed a hell hog
   304 | D        | Noticed a hell hog
   305 | D        | Noticed a manticore
   324 | D        | Noticed a vampire mosquito
   330 | D        | Killed a vampire mosquito
   330 | D        | Reached *** piety under Trog
   331 | D        | Reached skill level 12 in Dodging
   561 | D        | Reached **** piety under Trog
   562 | D        | Reached XP level 8. HP: 83/83 MP: 8/8
   605 | D        | Noticed an ice statue
   625 | D        | Noticed a manticore
   627 | D        | Found Gyukat's Magic Scroll Shoppe.
   627 | D        | Found Hiseopim's Antique Weapon Emporium.
   627 | D        | Noticed an oklob plant
   627 | D        | Noticed a manticore
   628 | D        | Found Cudwap's Armour Shoppe.
   628 | D        | Found Ellob's Book Shoppe.
   650 | D        | Bought a +1 buckler of cold resistance for 198 gold pieces
   652 | D        | Bought a runed cloak for 187 gold pieces
   653 | D        | Bought a ring of see invisible for 180 gold pieces
   656 | D        | Bought a potion of heal wounds for 55 gold pieces
   656 | D        | Bought a potion of heal wounds for 55 gold pieces
  1141 | D        | Slain by a boulder beetle

Illustrated notes

Levels and vault maps discovered:
D:        the_violet_keep_of_menkaure [sprint2_stairs_cluster_1,
          sprint2_shoproom, sprint2_temple, sprint2_basic_supplies,
          sprint2_obstacle_7, sprint2_obstacle_1, sprint2_obstacle_2,
          sprint2_obstacle_6, sprint2_obstacle_3, sprint2_timed_cluster_1,
          sprint2_smallroom_cluster_1, sprint2_smallroom_final_cluster_1,
          sprint2_transparent_cluster_1, sprint2_second_timed_cluster_1,
          sprint2_sniper_area_1, sprint2_heavy_combat_area_1,
          sprint2_mutation_trap_area_1, sprint2_forest_area_1,
          sprint2_light_combat_area_1, sprint2_behind_water_1,
          sprint2_near_end_vault_1]

Skill      XL: |  1  2  3  4  5  6  7 |
---------------+----------------------+-----
Fighting       | 6 7 9 10 11 | 11.9
Dodging        | 6 8 10 11 12 | 12.7
Long Blades    | |  3.0

Action                   |  1- 3 |  4- 6 |  7- 9 || total
-------------------------+-------+-------+-------++-------
Melee: Falchion          |     6 |    24 |    35 ||    65
       Tailslap          |     1 |     8 |    14 ||    23
Invok: Berserk           |     1 |     2 |     3 ||     6
       Trog's Hand       |       |     2 |     1 ||     3
 Abil: Breathe Lightning |       |       |     3 ||     3
  Use: Potion            |       |       |     4 ||     4
Armor: Skin              |     2 |     4 |     7 ||    13
Dodge: Dodged            |     1 |    16 |    30 ||    47
Block: Buckler           |       |       |     1 ||     1
       Rpst.: Falchion   |       |     6 |     9 ||    15
